 Dungeon Crawl Stone Soup version 0.31.0-32-g396128a36d (webtiles) character file.

Game seed: 4057347689754085981

8 Tiocfaidh the Digger (level 2, 0/15 HPs)
             Began as a Deep Elf Earth Elementalist on Apr 21, 2024.
             Slain by a hobgoblin (4 damage)
             ... on level 1 of the Dungeon.
             The game lasted 00:01:54 (253 turns).

Tiocfaidh the Digger (Deep Elf Earth Elementalist)   Turns: 253, Time: 00:01:54

Health: 0/15       AC:  3    Str:  5    XL:     2   Next: 0%
Magic:  5/8        EV: 12    Int: 19    God:
Gold:   21         SH:  0    Dex: 15    Spells: 6/7 levels left

rFire   . . .        e - +0 dagger
rCold   . . .        (no shield)
rNeg    . . .        a - +0 robe
rPois   .            (no helmet)
rElec   .            (no cloak)
rCorr   .            (no gloves)
SInv    .            d - +0 pair of boots
Will    .....        (no amulet)
Stlth   ++           (no ring)
HPRegen 0.22/turn    (no ring)
MPRegen 0.11/turn

%: no passive effects
@: no status effects
A: no striking features
a: no special abilities


You were on level 1 of the Dungeon.
You visited 1 branch of the dungeon, and saw 1 of its levels.

You collected 21 gold pieces.

Inventory:

Hand Weapons
 e - a +0 dagger (weapon)
Armour
 a - a +0 robe (worn)
 d - a +0 pair of boots (worn)
Scrolls
 c - a scroll of fear {unknown}
Potions
 b - a potion of magic


   Skills:
 + Level 2.4 Dodging
 + Level 2.4 Stealth
 + Level 3.1 Spellcasting
 + Level 1.1 Conjurations
 + Level 3.8 Earth Magic


You had 6 spell levels left.
You knew the following spells:

 Your Spells              Type           Power      Damage    Failure   Level
a - Sandblast             Erth           34%        2d9       3%          1

Your spell library contained the following spells:

 Spells                   Type           Power      Damage    Failure   Level
 Passwall                 Erth           17%        N/A       10%         3
 Stone Arrow              Conj/Erth      24%        3d8       17%         3
 Brom's Barrelling Bould  Conj/Erth      12%        2d4       50%         4
 Petrify                  Alch/Erth      10%        N/A       56%         4


Dungeon Overview and Level Annotations

Branches:
Dungeon (1/15)

Altars:


Message History

A dart slug comes into view.
You see here a hobgoblin corpse.
The blast of sand hits the dart slug!
You kill the dart slug!
You see here a dart slug corpse.
You see here a blade talisman.
Found a dagger.
You see here a +0 dagger.
You see here a +0 dagger.
e - a +0 dagger
e - a +0 dagger (weapon)
A ball python comes into view.
The ball python hisses angrily.
The ball python barely misses you. x2
The blast of sand hits the ball python!
You kill the ball python!
You see here a +0 leather armour.
A jackal comes into view.
Found a book of Minor Magic.
A hobgoblin comes into view.
A frilled lizard comes into view.
A ball python comes into view.
The ball python hisses angrily.
The ball python bites you but does no damage.
The ball python grabs you. The ball python constricts you.
The blast of sand hits the ball python!
You kill the ball python!
The frilled lizard bites you.
The blast of sand hits the frilled lizard!
You kill the frilled lizard!
The hobgoblin hits you. x2
You have reached level 2!
You are too injured to fight recklessly!
You are too injured to fight recklessly!
You are too injured to fight recklessly!
You hit the hobgoblin but do no damage. The hobgoblin hits you.
* * * LOW HITPOINT WARNING * * *
You closely miss the hobgoblin. The hobgoblin closely misses you.
You closely miss the hobgoblin. The hobgoblin hits you.
You die...

.###......
......... .......
.h #.#..# ..
#.#..:.### .#
#........## ..
#..#.#.#..## .#
#.#..#†#.##..###.#
#......@.##....#.#
##.....g#####....#
#.....## ###..##
#....# #...####.
#.#.. ##.........
##########
#..##.##... #..
#...# #.## ......
#.#.#.#.#
#..####....
######.#.#.#.######
##...##....


You could see a hobgoblin.

Vanquished Creatures
  A dart slug (D:1)
  2 ball pythons (D:1)
  A hobgoblin (D:1)
  A bat (D:1)
  A frilled lizard (D:1)
  A rat (D:1)
7 creatures vanquished.

Notes
Turn   | Place    | Note
-------+----------+-------------------------------------------
     0 | D:1      | Tiocfaidh the Deep Elf Earth Elementalist began the quest
                  | for the Orb.
     0 | D:1      | Reached XP level 1. HP: 10/10 MP: 6/6
   251 | D:1      | Reached XP level 2. HP: 6/15 MP: 5/8
   253 | D:1      | Slain by a hobgoblin

Illustrated notes

Levels and vault maps discovered:
D:1:      dpeg_arrival_round_b, layout_rooms, ebering_ecumenical_altar_box,
          bh_walls_and_bars

Action                     || total
---------------------------++-------
  Melee: Dagger            ||     3
   Cast: Sandblast         ||     7
 Armour: Robe              ||     6
  Dodge: Dodged            ||     4
